HBL
BROOKLYN CYCLONES @ MILWAUKEE OTTERS
04/05/1997
 
TOP OF THE 1ST
Brooklyn Cyclones batting - Pitching for Milwaukee Otters : RHP Willie Blair
Pitching: RHP Willie Blair
Batting: RHB Onix Concepcion 0-0: Ball
1-0: SINGLE (Groundball, 6MD, EV 97.5 MPH)
Batting: LHB Ray Giannelli 0-0: Ball
1-0: Called Strike
1-1: Ball
2-1: Foul Ball, location: 2F
2-2: Ground out 4-3 (Groundball, 4S, EV 72.5 MPH)
Onix Concepcion to second
Batting: RHB Jed Hansen 0-0: Ball
1-0: Foul Ball, location: 2F
1-1: Ball
2-1: Ball
3-1: Ground out 4-3 (Groundball, 4, EV 93.1 MPH)
Onix Concepcion to third
Batting: SHB Turner Ward 0-0: Ball
1-0: Fly out, F5 (Popup, 5SF, EV 80.0 MPH)
Top of the 1st over - 0 runs, 1 hit, 0 errors, 1 left on base; Brooklyn 0 - Milwaukee 0
BOTTOM OF THE 1ST
Milwaukee Otters batting - Pitching for Brooklyn Cyclones : RHP Manny Aybar
Pitching: RHP Manny Aybar
Batting: SHB Desi Relaford 0-0: Ball
1-0: Ball
2-0: Ball
3-0: Called Strike
3-1: Fly out, F2 (Popup, 15S, EV 93.1 MPH)
Batting: RHB Carlos A. Martinez 0-0: Ball
1-0: Ground out 6-3 (Groundball, 6S, EV 87.5 MPH)
Batting: LHB Brady Anderson 0-0: Fly out, F5 (Popup, 5SF, EV 67.5 MPH)
Bottom of the 1st over - 0 runs, 0 hits, 0 errors, 0 left on base; Brooklyn 0 - Milwaukee 0
TOP OF THE 2ND
Brooklyn Cyclones batting - Pitching for Milwaukee Otters : RHP Willie Blair
Batting: RHB Brent Cookson 0-0: Foul Ball, location: 2F
0-1: Ball
1-1: Ball
2-1: Called Strike
2-2: Ball
3-2: SINGLE (Flyball, 89S, EV 86.3 MPH)
Batting: LHB Mike A. Bell 0-0: Ball
1-0: Fly out, F9 (Flyball, 9D, EV 104.4 MPH)
Batting: RHB Pedro Castellano 0-0: Ball
1-0: Ball
2-0: Called Strike
2-1: Foul Ball, location: 2F
2-2: Foul Ball, location: 2F
2-2: Grounds into double play, 6-4-3 (Groundball, 6, EV 80.6 MPH)
Top of the 2nd over - 0 runs, 1 hit, 0 errors, 0 left on base; Brooklyn 0 - Milwaukee 0
BOTTOM OF THE 2ND
Milwaukee Otters batting - Pitching for Brooklyn Cyclones : RHP Manny Aybar
Batting: LHB Oddibe McDowell 0-0: Called Strike
0-1: Fly out, F9 (Flyball, 9D, EV 102.5 MPH)
Batting: RHB Cal Ripken Jr. 0-0: Ball
1-0: Swinging Strike
1-1: Foul Ball, location: 2F
1-2: Ball
2-2: Foul Ball, location: 2F
2-2: Ball
3-2: SINGLE (Line Drive, 7LS, EV 100.0 MPH)
Batting: RHB Robby Thompson 0-0: Called Strike
0-1: Ball
1-1: Foul Ball, location: 2F
1-2: Ball
2-2: Ball
3-2: DOUBLE (Line Drive, 89D, EV 112.5 MPH)
Cal Ripken Jr. to third
Cal Ripken Jr. scores
Batting: LHB Lou Whitaker 0-0: Ball
1-0: Ball
2-0: Foul Ball, location: 2F
2-1: DOUBLE (Line Drive, 8LXD, EV 101.3 MPH)
Robby Thompson scores
Batting: RHB Joe Vitiello 0-0: Fly out, F9 (Flyball, 89D, EV 81.9 MPH)
Runner from 2nd tags up, SAFE at 3rd, no throw by RF
Batting: RHB Brian Harper 0-0: Ball
1-0: Ball
2-0: Swinging Strike
2-1: Called Strike
2-2: Strikes out swinging
Bottom of the 2nd over - 2 runs, 3 hits, 0 errors, 1 left on base; Brooklyn 0 - Milwaukee 2
TOP OF THE 3RD
Brooklyn Cyclones batting - Pitching for Milwaukee Otters : RHP Willie Blair
Batting: LHB Joe Siddall 0-0: Called Strike
0-1: SINGLE (Line Drive, 9S, EV 88.1 MPH)
Batting: RHB Kevin Flora 0-0: Ball
1-0: Called Strike
1-1: Ball
2-1: Grounds into double play, 6-4-3 (Groundball, 6, EV 86.3 MPH)
Batting: RHB Onix Concepcion 0-0: SINGLE (Groundball, 56D, EV 95.0 MPH)
Batting: LHB Ray Giannelli 0-0: Called Strike
0-1: Called Strike
0-2: Strikes out swinging
Top of the 3rd over - 0 runs, 2 hits, 0 errors, 1 left on base; Brooklyn 0 - Milwaukee 2
BOTTOM OF THE 3RD
Milwaukee Otters batting - Pitching for Brooklyn Cyclones : RHP Manny Aybar
Batting: SHB Desi Relaford 0-0: Ball
1-0: Ball
2-0: Ball
3-0: Base on Balls
Batting: RHB Carlos A. Martinez 0-0: Called Strike
0-1: Ball
Desi Relaford steals 2nd base
1-1: Ball
2-1: Ball
3-1: Fly out, F5 (Line Drive, 5, EV 75.6 MPH)
Batting: LHB Brady Anderson 0-0: Called Strike
Desi Relaford is caught stealing 3rd base 2-5
0-1: Ball
1-1: Foul Ball, location: 2F
1-2: Fly out, F9 (Flyball, 9S, EV 88.8 MPH)
Bottom of the 3rd over - 0 runs, 0 hits, 0 errors, 0 left on base; Brooklyn 0 - Milwaukee 2
TOP OF THE 4TH
Brooklyn Cyclones batting - Pitching for Milwaukee Otters : RHP Willie Blair
Batting: RHB Jed Hansen 0-0: Ball
1-0: Called Strike
1-1: Ball
2-1: Ball
3-1: Foul Ball, location: 2F
3-2: Ground out 6-3 (Groundball, 6, EV 86.3 MPH)
Batting: SHB Turner Ward 0-0: Called Strike
0-1: Foul Ball, location: 2F
0-2: Ball
1-2: Ground out 6-3 (Groundball, 6M, EV 101.9 MPH)
Batting: RHB Brent Cookson 0-0: Called Strike
0-1: Ball
1-1: Fly out, F9 (Flyball, 89M, EV 82.5 MPH)
Top of the 4th over - 0 runs, 0 hits, 0 errors, 0 left on base; Brooklyn 0 - Milwaukee 2
BOTTOM OF THE 4TH
Milwaukee Otters batting - Pitching for Brooklyn Cyclones : RHP Manny Aybar
Batting: LHB Oddibe McDowell 0-0: Foul Ball, location: 2F
0-1: Ball
1-1: Ground out U3 (Groundball, 34, EV 104.4 MPH)
Batting: RHB Cal Ripken Jr. 0-0: Called Strike
0-1: Foul Ball, location: 2F
0-2: Ball
1-2: SINGLE (Line Drive, 8RS, EV 96.3 MPH)
Batting: RHB Robby Thompson 0-0: Foul Ball, location: 2F
0-1: SINGLE (Line Drive, 3D, EV 98.8 MPH)
Cal Ripken Jr. to second
Runner from 2nd tries for 3rd, SAFE, no throw by RF
Batting: LHB Lou Whitaker 0-0: Swinging Strike
0-1: Ball
1-1: Ball
2-1: Foul Ball, location: 2F
2-2: Foul Ball, location: 2F
2-2: Ball
3-2: SINGLE (Line Drive, 9S, EV 93.8 MPH)
Cal Ripken Jr. scores
Robby Thompson to second
Robby Thompson to third
Batting: RHB Joe Vitiello 0-0: Fly out, F9 (Flyball, 9, EV 90.0 MPH)
Batting: RHB Brian Harper 0-0: Ground out 4-3 (Groundball, 34, EV 105.0 MPH)
Bottom of the 4th over - 1 run, 3 hits, 0 errors, 2 left on base; Brooklyn 0 - Milwaukee 3
TOP OF THE 5TH
Brooklyn Cyclones batting - Pitching for Milwaukee Otters : RHP Willie Blair
Batting: LHB Mike A. Bell 0-0: Ball
1-0: Ball
2-0: Called Strike
2-1: Ball
3-1: Called Strike
3-2: Fly out, F8 (Flyball, 8LM, EV 95.6 MPH)
Batting: RHB Pedro Castellano 0-0: Ball
1-0: Called Strike
1-1: Swinging Strike
1-2: Ball
2-2: Ground out 6-3 (Groundball, 6, EV 87.5 MPH)
Batting: LHB Joe Siddall 0-0: Ground out 1-3 (Groundball, 13, EV 74.4 MPH)
Top of the 5th over - 0 runs, 0 hits, 0 errors, 0 left on base; Brooklyn 0 - Milwaukee 3
BOTTOM OF THE 5TH
Milwaukee Otters batting - Pitching for Brooklyn Cyclones : RHP Manny Aybar
Batting: SHB Desi Relaford 0-0: Ball
1-0: Called Strike
1-1: Foul Ball, location: 2F
1-2: Fly out, F5 (Line Drive, 5, EV 70.0 MPH)
Batting: RHB Carlos A. Martinez 0-0: Ball
1-0: Ball
2-0: Ball
3-0: Called Strike
3-1: Swinging Strike
3-2: Fly out, F7 (Flyball, 7D, EV 95.6 MPH)
Batting: LHB Brady Anderson 0-0: Ball
1-0: Foul Ball, location: 2F
1-1: Foul Ball, location: 2F
1-2: Ball
2-2: Foul Ball, location: 2F
2-2: Ball
3-2: Base on Balls
Batting: LHB Oddibe McDowell 0-0: Called Strike
0-1: Ball
1-1: SINGLE (Groundball, 34D, EV 96.3 MPH)
Brady Anderson to second
Runner from 2nd tries for 3rd, SAFE, throw by RF made to third
Batting: RHB Cal Ripken Jr. 0-0: Ball
1-0: Ball
2-0: Swinging Strike
2-1: Swinging Strike
2-2: Ball
3-2: Strikes out swinging
Bottom of the 5th over - 0 runs, 1 hit, 0 errors, 2 left on base; Brooklyn 0 - Milwaukee 3
TOP OF THE 6TH
Brooklyn Cyclones batting - Pitching for Milwaukee Otters : RHP Willie Blair
Batting: RHB Kevin Flora 0-0: Ball
1-0: Foul Ball, location: 2F
1-1: Foul Ball, location: 2F
1-2: Ball
2-2: Ground out 5-3 (Groundball, 5, EV 86.9 MPH)
Batting: RHB Onix Concepcion 0-0: Ball
1-0: Swinging Strike
1-1: Swinging Strike
1-2: Strikes out looking
Batting: LHB Ray Giannelli 0-0: Ball
1-0: Fly out, F3 (Popup, 3SF, EV 91.3 MPH)
Top of the 6th over - 0 runs, 0 hits, 0 errors, 0 left on base; Brooklyn 0 - Milwaukee 3
BOTTOM OF THE 6TH
Milwaukee Otters batting - Pitching for Brooklyn Cyclones : RHP Manny Aybar
Batting: RHB Robby Thompson 0-0: Ball
1-0: Swinging Strike
1-1: Foul Ball, location: 2F
1-2: Ball
2-2: Foul Ball, location: 2F
2-2: Strikes out swinging
Batting: LHB Lou Whitaker 0-0: Called Strike
0-1: Called Strike
0-2: Ball
1-2: Ball
2-2: Fly out, F4 (Popup, 4S, EV 78.8 MPH)
Batting: RHB Joe Vitiello 0-0: Ball
1-0: Ground out 5-3 (Groundball, 56, EV 105.6 MPH)
Bottom of the 6th over - 0 runs, 0 hits, 0 errors, 0 left on base; Brooklyn 0 - Milwaukee 3
TOP OF THE 7TH
Brooklyn Cyclones batting - Pitching for Milwaukee Otters : RHP Willie Blair
Pitching: RHP Dan Miceli
Batting: RHB Jed Hansen 0-0: Ball
1-0: Ball
2-0: Called Strike
2-1: Foul Ball, location: 2F
2-2: Strikes out swinging
Batting: SHB Turner Ward 0-0: Ball
1-0: Called Strike
1-1: Foul Ball, location: 2F
1-2: Strikes out swinging
Batting: RHB Brent Cookson 0-0: Called Strike
0-1: Foul Ball, location: 2F
0-2: Ball
1-2: Strikes out swinging
Top of the 7th over - 0 runs, 0 hits, 0 errors, 0 left on base; Brooklyn 0 - Milwaukee 3
BOTTOM OF THE 7TH
Milwaukee Otters batting - Pitching for Brooklyn Cyclones : RHP Manny Aybar
Batting: RHB Brian Harper 0-0: Ball
1-0: Called Strike
1-1: SINGLE (Flyball, 7S, EV 86.9 MPH)
Batting: SHB Desi Relaford 0-0: Fielders Choice at 2nd, 4-6 (Groundball, 4, EV 85.6 MPH)
Batting: RHB Carlos A. Martinez 0-0: Ball
1-0: Ball
2-0: Foul Ball, location: 2F
2-1: Called Strike
2-2: Foul Ball, location: 2F
2-2: DOUBLE (Flyball, 8LXD, EV 108.8 MPH)
Desi Relaford to third
Batting: LHB Brady Anderson 0-0: Ball
1-0: Foul Ball, location: 2F
1-1: Fly out, F8 (Flyball, 8LD, EV 91.9 MPH)
Runner from 3rd tags up, SCORES, no throw by CF
Batting: LHB Oddibe McDowell 0-0: Ball
1-0: Foul Ball, location: 2F
1-1: Ball
2-1: Ball
3-1: Foul Ball, location: 2F
3-2: Base on Balls
Batting: RHB Cal Ripken Jr. 0-0: 3-RUN HOME RUN (Flyball, 78XD, EV 96.3 MPH), Distance : 431 ft
Batting: RHB Robby Thompson 0-0: Ball
1-0: Foul Ball, location: 2F
1-1: Foul Ball, location: 2F
1-2: SINGLE (Groundball, 34D, EV 104.4 MPH)
Pitching: RHP Steve Reed
Batting: LHB Lou Whitaker 0-0: Ball
1-0: Ball
2-0: Ball
3-0: Called Strike
3-1: Ground out 4-3 (Groundball, 4, EV 103.1 MPH)
Bottom of the 7th over - 4 runs, 4 hits, 0 errors, 1 left on base; Brooklyn 0 - Milwaukee 7
TOP OF THE 8TH
Brooklyn Cyclones batting - Pitching for Milwaukee Otters : RHP Dan Miceli
Now at C: Frank Catalanotto
Batting: LHB Mike A. Bell 0-0: Called Strike
0-1: Called Strike
0-2: Ground out 4-3 (Groundball, 34, EV 92.5 MPH)
Batting: RHB Pedro Castellano 0-0: Called Strike
0-1: Ball
1-1: Foul Ball, location: 2F
1-2: Strikes out swinging
Batting: LHB Joe Siddall 0-0: Called Strike
0-1: Ball
1-1: Foul Ball, location: 2F
1-2: Strikes out swinging
Top of the 8th over - 0 runs, 0 hits, 0 errors, 0 left on base; Brooklyn 0 - Milwaukee 7
BOTTOM OF THE 8TH
Milwaukee Otters batting - Pitching for Brooklyn Cyclones : RHP Steve Reed
Batting: RHB Joe Vitiello 0-0: Foul Ball, location: 2F
0-1: Swinging Strike
0-2: Ball
1-2: Ball
2-2: SINGLE (Groundball, 6MD, EV 96.9 MPH)
Batting: LHB Frank Catalanotto 0-0: Ball
1-0: SINGLE (Groundball, 34D, EV 100.0 MPH)
Joe Vitiello to second
Batting: SHB Desi Relaford 0-0: SINGLE (Line Drive, 78M, EV 106.3 MPH)
Joe Vitiello to third
Frank Catalanotto to second
Batting: RHB Carlos A. Martinez 0-0: Ball
1-0: Ball
2-0: DOUBLE (Line Drive, 89D, EV 111.9 MPH)
Joe Vitiello scores
Frank Catalanotto scores
Desi Relaford to third
Batting: LHB Brady Anderson 0-0: Ball
1-0: Ball
2-0: Ball
3-0: Base on Balls
Pitching: RHP Todd Erdos
Batting: LHB Oddibe McDowell 0-0: Fly out, F9 (Flyball, 89S, EV 88.8 MPH)
Batting: RHB Cal Ripken Jr. 0-0: Ball
1-0: Ball
2-0: Called Strike
2-1: Ball
3-1: Foul Ball, location: 2F
3-2: Base on Balls
Desi Relaford scores
Carlos A. Martinez to third
Brady Anderson to second
Batting: RHB Robby Thompson 0-0: Foul Ball, location: 2F
0-1: Swinging Strike
0-2: SINGLE (Line Drive, 56D, EV 111.3 MPH)
Carlos A. Martinez scores
Brady Anderson to third
Cal Ripken Jr. to second
Runner from 3rd tries for Home, SAFE, no throw by LF
Batting: LHB Lou Whitaker 0-0: Ball
1-0: Ball
2-0: Ball
Wild Pitch!
Cal Ripken Jr. to third
Robby Thompson to second
3-0: Base on Balls
Batting: RHB Joe Vitiello 0-0: Ball
1-0: Ball
2-0: Called Strike
2-1: Foul Ball, location: 2F
2-2: Foul Ball, location: 2F
2-2: Ball
3-2: Foul Ball, location: 2F
3-2: Ground out U3 (Groundball, 3S, EV 90.0 MPH)
Cal Ripken Jr. scores
Robby Thompson to third
Lou Whitaker to second
Pitching: RHP Tim Belk
Batting: LHB Frank Catalanotto 0-0: Ball
1-0: Ball
2-0: Foul Ball, location: 2F
2-1: Foul Ball, location: 2F
2-2: Foul Ball, location: 2F
2-2: SINGLE (Groundball, 4MD, EV 95.0 MPH)
Robby Thompson scores
Lou Whitaker to third
Runner from 3rd tries for Home, SAFE, no throw by CF
Batting: SHB Desi Relaford 0-0: Called Strike
0-1: Ball
1-1: Swinging Strike
1-2: Foul Ball, location: 2F
1-2: Ball
2-2: Ball
3-2: Fly out, F9 (Line Drive, 9, EV 101.9 MPH)
Bottom of the 8th over - 8 runs, 6 hits, 0 errors, 1 left on base; Brooklyn 0 - Milwaukee 15
TOP OF THE 9TH
Brooklyn Cyclones batting - Pitching for Milwaukee Otters : RHP Dan Miceli
Batting: RHB Kevin Flora 0-0: Foul Ball, location: 2F
0-1: Ball
1-1: Fly out, F9 (Flyball, 9, EV 80.6 MPH)
Pitching: RHP Todd Ritchie
Batting: RHB Onix Concepcion 0-0: Ball
1-0: Ball
2-0: Called Strike
2-1: Foul Ball, location: 2F
2-2: Ball
3-2: Foul Ball, location: 2F
3-2: DOUBLE (Flyball, 8LD, EV 101.3 MPH)
Batting: LHB Ray Giannelli 0-0: Ground out 1-3 (Groundball, 34S, EV 89.4 MPH)
Onix Concepcion to third
Batting: RHB Jed Hansen 0-0: Ball
1-0: Ball
2-0: Called Strike
2-1: Foul Ball, location: 2F
2-2: Ball
3-2: Base on Balls
Batting: SHB Turner Ward 0-0: Foul Ball, location: 2F
0-1: Ball
1-1: Ball
2-1: Swinging Strike
2-2: Strikes out swinging
Top of the 9th over - 0 runs, 1 hit, 0 errors, 2 left on base; Brooklyn 0 - Milwaukee 15
Thursday, January 22nd, 2026 - OOTP Baseball 20.8 Build 74